 Dungeon Crawl Stone Soup version 0.25.0-37-gb73750e0fb (webtiles) character file.

Game seed: 17393219979361545223

5194 Ijustatesigmund the Cleaver (level 10, -4/73 HPs)
             Began as an Octopode Gladiator on July 9, 2020.
             Was a Believer of Cheibriados.
             Slain by a two-headed ogre
             ... wielding a +0 giant spiked club
              (24 damage)
             ... on level 8 of the Dungeon.
             The game lasted 00:20:05 (9658 turns).

Ijustatesigmund the Cleaver (Octopode Gladiator)    Turns: 9658, Time: 00:20:05

Health: -4/73      AC:  6    Str: 20    XL:     10   Next: 60%
Magic:  15/15      EV: 17    Int: 15    God:    Cheibriados [**....]
Gold:   526        SH:  5    Dex: 21    Spells: 9/9 levels left

rFire    . . .     SeeInvis .   a - +3 war axe
rCold    . . .     Gourm    .   (no shield)
rNeg     . . .     Faith    .   b - +1 hat
rPois    .         Spirit   .   f - amulet of reflection
rElec    .         Reflect  +   (no ring)
rCorr    .         Harm     .   y - +4 ring of protection
MR       .....                  (no ring)
Stlth    +++.......             (no ring)
HPRegen  0.22/turn              (no ring)
MPRegen  0.14/turn              (no ring)
                                (no ring)
                                (no ring)

@: very slow
A: almost no armour, stealthy swim, amphibious, 8 rings, constrict 8, camouflage
1, gelatinous body 1
a: Bend Time, Renounce Religion


You were on level 8 of the Dungeon.
You worshipped Cheibriados.
Cheibriados was pleased with you.
You were not hungry.

You visited 2 branches of the dungeon, and saw 9 of its levels.

You collected 526 gold pieces.

Inventory:

Hand Weapons
 a - a +3 war axe (weapon)
 r - a +1 whip of freezing
Missiles
 c - 4 throwing nets
 m - 5 curare-tipped darts
 t - 4 atropa-tipped darts (quivered)
Armour
 b - a +1 hat (worn)
Jewellery
 f - an amulet of reflection (around mantle)
 u - an uncursed amulet of regeneration {unknown}
 y - a +4 ring of protection (right tentacle)
Wands
 o - a wand of flame (23)
Scrolls
 e - 3 scrolls of fear
 h - a scroll of magic mapping
 i - 3 scrolls of remove curse
 k - a scroll of teleportation
 p - 3 scrolls of fog
 x - a scroll of amnesia
Potions
 g - a potion of brilliance
 j - 4 potions of curing
 l - 2 potions of flight
 n - 2 potions of might
 q - a potion of magic
 v - a potion of lignification
Comestibles
 d - 7 rations
 s - 8 chunks of flesh


   Skills:
 + Level 8.6 Fighting
 + Level 8.9 Axes
 - Level 6.2 Throwing
 - Level 5.2 Dodging
 - Level 2.1 Stealth
 + Level 6.8 Invocations


You had 9 spell levels left.
You didn't know any spells.
Your spell library was empty.

Dungeon Overview and Level Annotations

Branches:
Dungeon (8/15)             Temple (1/1) D:6
   Lair: D:8-11

Altars:
Ashenzari
Cheibriados
Dithmenos
Elyvilon
Fedhas
Gozag
Hepliaklqana
Kikubaaqudgha
Makhleb
Nemelex Xobeh
Okawaru
Qazlal
Ru
Sif Muna
Trog
Uskayaw
Vehumet
Wu Jian
Xom
Yredelemnul
Zin
The Shining One


Innate Abilities, Weirdness & Mutations

You cannot wear most types of armour.
You are very stealthy in the water. (Stealth+)
You are amphibious.
You can wear up to eight rings at the same time.
You can use your tentacles to constrict eight enemies at once.
Your skin changes colour to match your surroundings (Stealth+).
Your rubbery body absorbs attacks. (AC +1, EV +1)


Message History

Throwing (i - inventory. (/) - cycle)
t - 6 atropa-tipped darts (quivered)
Press: ? - help, Shift-Dir - straight line, f/p - two-headed ogre
Aim: a two-headed ogre, wielding two +0 giant spiked clubs (chance to blind on hit: 22%)
You throw an atropa-tipped dart.
The atropa-tipped dart hits the two-headed ogre!
The two-headed ogre appears confused.
Throwing (i - inventory. (/) - cycle)
t - 5 atropa-tipped darts (quivered)
Press: ? - help, Shift-Dir - straight line, f/p - two-headed ogre
Aim: a two-headed ogre, wielding two +0 giant spiked clubs (confused, blind, chance to blind on hit: 22%)
You throw an atropa-tipped dart.
The atropa-tipped dart hits the two-headed ogre!
The two-headed ogre resists.
The two-headed ogre seems less confused.
Found a leather armour.
You see here an atropa-tipped dart.
The two-headed ogre is no longer blind.
The two-headed ogre hits you with a +0 giant spiked club!! x2
* * * LOW HITPOINT WARNING * * *
The two-headed ogre hits you with a +0 giant spiked club!!
You die...

.....<.. ##...[.#
...####.....# ...
#.......### .. ###.).#...#
.#####)..##...# .
..#....[......# ...
..............#####...[.
..##...........(@O(.....
.............##.##......
..........#.###... .....
...........## #.##........
.........######>#....###..
.>........###.#.##..##....
##.#)).....#.............
#.##.)..................
...#..##....#........##


You could see a two-headed ogre.

Vanquished Creatures
  Harold (D:7)
  A two-headed ogre (D:8)
  Pikel (D:5)
  A hippogriff (D:6)
  A hungry ghost (D:6)
  Eustachio (D:5)
  Menkaure (D:7)
  A steam dragon (D:7)
  A water moccasin (D:6)
  3 ice beasts
  A sky beast (D:6)
  A slave (D:5)
  3 ogres
  3 centaurs
  A crocodile (D:7)
  4 bullfrogs
  3 scorpions
  7 wights
  A howler monkey (D:7)
  3 crimson imps
  A centaur zombie (D:8)
  A bullfrog zombie (D:5)
  4 orc priests
  4 hounds
  A jelly (D:5)
  2 orc wizards
  A bullfrog skeleton (D:5)
  A gnoll shaman (D:8)
  5 worker ants
  3 iguanas
  A hound zombie (D:8)
  A hound skeleton (D:6)
  10 gnolls
  14 adders
  A shadow imp (D:5)
  An ooze (D:4)
  2 adder skeletons
  A worm (D:2)
  A dart slug (D:2)
  2 leopard geckos
  12 orcs
  8 ball pythons
  2 bats (D:1)
  2 giant cockroaches
  6 goblins
  8 hobgoblins
  12 jackals
  9 kobolds
  A quokka (D:2)
  3 frilled lizards
  A jackal skeleton (D:5)
  A jackal zombie (D:7)
  2 quokka skeletons (D:5)
  A quokka zombie (D:7)
  7 rats
171 creatures vanquished.

Vanquished Creatures (others)
  2 slaves (D:5)
2 creatures vanquished.

Grand Total: 173 creatures vanquished

Notes
Turn   | Place    | Note
-------+----------+-------------------------------------------
     0 | D:1      | Ijustatesigmund the Octopode Gladiator began the quest for
                  | the Orb.
     0 | D:1      | Reached XP level 1. HP: 14/14 MP: 1/1
   193 | D:1      | Reached XP level 2. HP: 20/20 MP: 2/2
   770 | D:1      | Reached XP level 3. HP: 23/25 MP: 3/3
   802 | D:1      | You fall into a shaft and drop 1 floor!
  1111 | D:2      | Reached XP level 4. HP: 29/31 MP: 4/4
  2328 | D:3      | Reached XP level 5. HP: 29/37 MP: 5/5
  2750 | D:3      | Found a sacrificial altar of Ru.
  2785 | D:3      | You fall into a shaft and drop 2 floors!
  2785 | D:5      | Entered Level 5 of the Dungeon
  2787 | D:5      | Noticed a slave
  2806 | D:5      | Killed a slave
  2891 | D:5      | Reached skill level 1 in Stealth
  2986 | D:3      | Reached XP level 6. HP: 41/43 MP: 6/6
  4393 | D:5      | Reached skill level 5 in Axes
  4736 | D:5      | Noticed Pikel
  4742 | D:5      | Noticed a slave
  4743 | D:5      | Noticed a slave
  4745 | D:5      | Noticed a slave
  4746 | D:5      | Killed Pikel
  4746 | D:5      | Reached XP level 7. HP: 35/49 MP: 7/7
  4746 | D:5      | Reached XP level 8. HP: 39/54 MP: 8/8
  4906 | D:5      | Noticed Eustachio
  4913 | D:5      | Killed Eustachio
  5802 | D:6      | Reached skill level 5 in Fighting
  6272 | D:6      | Reached skill level 5 in Dodging
  6308 | D:6      | Found a staircase to the Ecumenical Temple.
  6351 | Temple   | Entered the Ecumenical Temple
  6386 | Temple   | Became a worshipper of Cheibriados the Contemplative
  6517 | D:6      | Reached skill level 1 in Invocations
  6517 | D:6      | Reached XP level 9. HP: 50/62 MP: 8/10
  6704 | D:7      | Noticed Harold
  6785 | D:7      | Noticed Menkaure
  7335 | D:7      | Killed Harold
  7523 | D:6      | Reached * piety under Cheibriados
  7523 | D:6      | Reached skill level 5 in Invocations
  7528 | D:6      | Reached XP level 10. HP: 39/72 MP: 12/14
  8007 | D:7      | Killed Menkaure
  8362 | D:8      | Noticed a two-headed ogre
  8601 | D:8      | Killed a two-headed ogre
  9152 | D:8      | Reached ** piety under Cheibriados
  9650 | D:8      | Noticed a two-headed ogre
  9658 | D:8      | Slain by a two-headed ogre

Illustrated notes

Levels and vault maps discovered:
D:1:      minmay_arrival_four_circles, layout_loops_ring
D:2:      layout_rooms, minmay_door_square
D:3:      layout_basic, nicolae_ru_great_annihilating_truth, first_ration
D:4:      layout_loops_ring, minmay_puff
D:5:      layout_basic, uniq_pikel, uniq_eustachio
D:6:      layout_rooms, minmay_temple_entry_proselytizer
D:7:      layout_basic, minmay_bent, uniq_harold, uniq_menkaure
D:8:      layout_cave_pools, basic_altar
Temple:   nicolae_temple_the_god_donut

Skill      XL: |  1  2  3  4  5  6  7  8  9 10 |
---------------+-------------------------------+-----
Fighting       | 3 4 6 7 8 |  8.6
Axes           | 4 5 6 8 |  8.9
Stealth        | 2 |  2.1
Throwing       | 6 |  6.2
Dodging        | 5 |  5.2
Invocations    | 1 5 6 |  6.8

Action                   |  1- 3 |  4- 6 |  7- 9 | 10-12 || total
-------------------------+-------+-------+-------+-------++-------
Melee: War axe           |    45 |   105 |   150 |    85 ||   385
       Constrict         |    14 |    30 |    25 |    17 ||    86
       Tentacles         |     6 |    23 |    34 |    25 ||    88
Throw: Dart              |       |    12 |    16 |     6 ||    34
       Throwing net      |       |       |     1 |       ||     1
Evoke: Wand              |       |     2 |     4 |     3 ||     9
  Use: Scroll            |       |    14 |     7 |     5 ||    26
       Potion            |       |       |     3 |       ||     3
 Stab: Sleeping          |     5 |     8 |     4 |     2 ||    19
       Paralysed         |       |     4 |     2 |       ||     6
       Held in net/web   |       |       |     1 |       ||     1
       Invisible         |       |       |     1 |     1 ||     2
       Distracted        |       |       |     1 |       ||     1
  Eat: Chunk             |     1 |     7 |     7 |     4 ||    19
       Ration            |       |     1 |     3 |       ||     4
Armor: Skin              |     4 |     6 |    35 |    17 ||    62
Dodge: Dodged            |    35 |    67 |   142 |    89 ||   333
Block: Other             |       |    14 |    40 |    28 ||    82
       Reflection        |       |     2 |     3 |       ||     5
